Cogmind - Beta 11 X8 @@@ ROGUE MODE // 2022.01.12 @ 10:05:54 Player: tourn Result: Escaped! Performance ------------- Evolutions (9) 4500 Regions Visited (25) 5000 Robots Destroyed (244) 1220 Value Destroyed (16477) 16477 Prototype IDs (22) 440 Alien Tech Used (0) 0 Bonus (15661) 15661 TOTAL SCORE: 43298 Bonus ------- High Alert Combat Kills 1631 Follower Combat Kills 6497 Entered Garrisons 2000 Used RIF Installer 4500 Win 3000 Friendly Fire -1967 Cogmind --------- Core Integrity 1252/1600 Matter 226/300 Energy 397/415 System Corruption 11% Temperature Cool (12) Movement Walking (115) Location To Epsilon Eridani Parts ------- > --- POWER (2) -------- Reinforced Antimatter Reactor Light Quantum Reactor > --- PROPULSION (6) --- Myomer Leg Biometal Leg Biometal Leg Biometal Leg Centrium Leg Centrium Leg > --- UTILITY (13) ----- Huge Storage Unit Improved Propulsion Shielding Heavy Armor Plating Point Defense Array Relay Coupler [NC] (10) Relay Coupler [Swarmer] (45) Relay Coupler [Grunt] (16) Relay Coupler [Duelist] (42) Relay Coupler [Sentry] (18) Relay Coupler [Demolisher] (33) Relay Coupler [Hunter] (1) Relay Coupler [Behemoth] (2) > --- WEAPON (4) ------- Gamma Rifle Enhanced Quantum Rifle Enhanced Nova Cannon Advanced Remote Datajack > --- INVENTORY (25) --- Light Quantum Reactor Advanced Heavy Siege Treads Advanced Heavy Siege Treads Advanced Heavy Siege Treads Advanced Cooling System Advanced Force Field Point Defense System Relay Coupler [NC] (41) Relay Coupler [NC] (33) Relay Coupler [NC] (31) Relay Coupler [ARC] (20) Relay Coupler [Swarmer] (53) Relay Coupler [Swarmer] (38) Relay Coupler [Grunt] (45) Relay Coupler [Duelist] (41) Relay Coupler [Sentry] (35) Relay Coupler [Demolisher] (34) Relay Coupler [Heavy] (19) Enhanced Nova Cannon Gamma Bomb Array Advanced Remote Datajack Force Lance Peak State ------------ > --- POWER ------------ Light Particle Reactor Light Quantum Reactor > --- PROPULSION ------- Myomer Leg Biometal Leg Biometal Leg Biometal Leg Centrium Leg Centrium Leg > --- UTILITY ---------- Huge Storage Unit Experimental Energy Well Advanced Phase Shifter Advanced Force Field Relay Coupler [NC] Relay Coupler [Swarmer] Relay Coupler [Grunt] Relay Coupler [Duelist] Relay Coupler [Sentry] Relay Coupler [Demolisher] Relay Coupler [Hunter] Relay Coupler [Heavy] Relay Coupler [Behemoth] > --- WEAPON ----------- Gamma Rifle Enhanced Quantum Rifle Enhanced Nova Cannon Advanced Remote Datajack > --- INVENTORY -------- Light Quantum Reactor Medium Treads Medium Treads Biometal Medium Treads Biometal Medium Treads Biometal Heavy Treads Advanced Cooling System Point Defense System Point Defense Array Relay Coupler [NC] Relay Coupler [NC] Relay Coupler [NC] Relay Coupler [ARC] Relay Coupler [Swarmer] Relay Coupler [Swarmer] Relay Coupler [Grunt] Relay Coupler [Duelist] Relay Coupler [Sentry] Relay Coupler [Demolisher] Relay Coupler [Heavy] Gamma Rifle Gamma Bomb Array Advanced Remote Datajack Advanced Remote Datajack [Rating: 177] Favorites ----------- Power Angular Momentum Engine Engine Angular Momentum Engine Power Core Light Nuclear Core Reactor Quantum Reactor Propulsion Biometal Leg Treads Light Treads Leg Biometal Leg Utility Large Storage Unit Device Active Sensor Suite Storage Large Storage Unit Processor Improved Target Analyzer Hackware Relay Coupler [Grunt] Protection Improved Medium Armor Plating Weapon KE Penetrator Energy Gun Precision Shock Rifle Energy Cannon Phase Cannon Ballistic Gun KE Penetrator Launcher Gamma Bomb Array Special Weapon Advanced Remote Datajack Slashing Weapon Katana Piercing Weapon Spear Special Melee Weapon Datajack Build | -11 -10 -10 -9 -9 -9 -9 -7 -7 -7 -7 -6 -6 -6 -6 -5 -5 -4 -4 -3 -3 -2 -2 -1 -1 -1 ------- Run | Scr Mat Min Mat Sto Gar Rec Fac Gar Fac Gar Fac Gar Fac Gar Fac Gar Fac Gar Res Gar Res Gar Acc Gar Acc Slots Evolved 18 | . . . 2 . . . 4 . . . 2 . . . 2 . 2 . 2 . 2 . 2 . . Power 1 | . . . . . . . . . . . . . . . . . . . . . 1 . . . . Propulsion 4 | . . . 1 . . . . . . . 1 . . . . . . . 1 . 1 . . . . Utility 11 | . . . . . . . 3 . . . 1 . . . 2 . 2 . 1 . . . 2 . . Weapon 2 | . . . 1 . . . 1 . . . . . . . . . . . . . . . . . . Parts Attached 490 | . 12 6 19 14 22 5 42 9 22 16 12 23 27 13 5 17 11 11 13 24 52 21 36 33 25 Power 32 | . 3 . 1 2 1 . 2 2 1 1 1 . 1 . . 1 . . . 4 6 . 1 4 1 Engine 16 | . 2 . 1 2 1 . 2 2 1 1 1 . 1 . . 1 . . . 1 . . . . . Core 1 | . 1 . . . . . . . . . . . . . . . . . . . . . . . . Reactor 15 | . . . . . . . . . . . . . . . . . . . . 3 6 . 1 4 1 Propulsion 106 | . 5 . 8 2 5 3 10 . 2 1 2 2 10 1 1 4 1 2 8 4 10 7 7 9 2 Treads 31 | . . . 3 2 1 3 7 . . . . . . . . . . . 1 3 8 1 . 2 . Leg 75 | . 5 . 5 . 4 . 3 . 2 1 2 2 10 1 1 4 1 2 7 1 2 6 7 7 2 Wheel . | . . . . . . . . . . . . . . . . . . . . . . . . . . Hover . | . . . . . . . . . . . . . . . . . . . . . . . . . . Flight . | . . . . . . . . . . . . . . . . . . . . . . . . . . Utility 193 | . 2 3 4 2 3 1 15 3 6 6 9 10 11 6 2 8 6 7 2 10 19 10 18 13 17 Device 66 | . 1 3 1 . . . 6 . 2 . 6 4 4 1 1 . 1 1 1 1 7 3 10 2 11 Storage 9 | . 1 . 1 . . . . . . . . . 1 . . . 2 1 . . 2 . . . 1 Processor 6 | . . . . . . . . . . . 2 . . . . . . 1 . . 1 . 2 . . Hackware 70 | . . . . . 1 1 2 3 1 5 1 4 4 3 1 4 2 2 1 7 6 6 5 9 2 Protection 42 | . . . 2 2 2 . 7 . 3 1 . 2 2 2 . 4 1 2 . 2 3 1 1 2 3 Artifact . | . . . . . . . . . . . . . . . . . . . . . . . . . . Weapon 159 | . 2 3 6 8 13 1 15 4 13 8 . 11 5 6 2 4 4 2 3 6 17 4 10 7 5 Energy Gun 32 | . 2 2 . 1 . . 9 1 . 1 . 1 2 1 . . . . . . 2 3 3 3 1 Energy Cannon 21 | . . . . 1 5 . . . . 1 . 1 . 1 . . 1 . 1 . 5 . 2 1 2 Ballistic Gun 32 | . . . 5 2 3 . 3 1 2 2 . 1 . . 1 . 2 . . 2 5 1 2 . . Ballistic Cannon . | . . . . . . . . . . . . . . . . . . . . . . . . . . Launcher 21 | . . 1 1 1 3 . . 1 2 2 . 3 . 2 . 1 . . . 1 1 . 1 1 . Special Weapon 36 | . . . . . . . 2 1 4 2 . 5 1 2 1 1 1 1 2 3 4 . 2 2 2 Impact Weapon . | . . . . . . . . . . . . . . . . . . . . . . . . . . Slashing Weapon 9 | . . . . 3 . . 1 . 5 . . . . . . . . . . . . . . . . Piercing Weapon 2 | . . . . . . . . . . . . . 2 . . . . . . . . . . . . Special Melee Weapon 6 | . . . . . 2 1 . . . . . . . . . 2 . 1 . . . . . . . Unidentified Prototypes 12 | . 1 1 1 4 . . 2 . 1 . . . . . . . . . . . 2 . . . . Corrupted Parts 4 | . . 1 . . 1 1 . 1 . . . . . . . . . . . . . . . . . System Corruption 22 | . . 3 . . 9 2 . 8 . . . . . . . . . . . . . . . . . Parts Lost 72 | . . 1 2 . 6 . 4 1 . 2 . 1 1 5 2 3 1 1 . 2 17 4 7 10 2 Power 10 | . . . 1 . . . . 1 . . . . . . . 1 . . . 1 1 . 1 3 1 Propulsion 15 | . . . . . 3 . 1 . . 1 . . . 1 . 2 . . . . 4 1 . 2 . Utility 23 | . . . . . 2 . 2 . . . . . 1 2 . . . 1 . . 5 1 5 3 1 Weapon 24 | . . 1 1 . 1 . 1 . . 1 . 1 . 2 2 . 1 . . 1 7 2 1 2 . Highest Loss Streak 7 | . . 1 1 . 4 . 2 1 . 1 . 1 1 2 2 2 1 1 . 2 7 2 1 2 2 Average Slot Usage (%) 94 | . 91 99 95 98 99 100 98 99 99 99 100 99 99 99 88 87 82 91 99 88 85 92 95 94 97 Engine 5 | . 10 14 11 11 11 11 7 7 7 7 6 6 6 6 5 5 5 5 4 1 . . . . . Reactor 1 | . . . . . . . . . . . . . . . . . . . . 2 7 8 8 7 7 Treads 5 | . . . 11 33 20 31 12 . . . . . . . . . . . . 9 14 5 . . . Leg 19 | . 28 28 21 . 12 1 10 23 23 23 26 26 26 26 23 22 21 21 23 7 1 19 24 23 24 Device 4 | . 6 14 2 . . . 4 . 4 7 7 1 3 3 5 5 8 6 5 4 4 1 7 3 5 Storage 6 | . 14 14 11 11 11 11 7 7 7 7 6 6 6 6 5 5 5 5 4 4 5 5 4 4 4 Processor 1 | . . . . . . . . . . . 4 6 4 . . . . 3 4 4 4 4 5 2 . Hackware 16 | . . . . . . . 7 14 16 14 13 17 21 23 23 15 11 21 21 24 28 29 27 35 35 Protection 6 | . . . 6 11 10 10 16 15 8 7 6 6 2 5 . 6 9 7 14 7 1 2 3 1 4 Energy Gun 7 | . 25 25 3 . . . 20 23 24 13 6 6 5 5 2 . . . . . . 4 6 5 8 Energy Cannon 3 | . . . . 6 10 1 . . . 1 6 12 1 2 5 5 4 . 2 4 1 . 1 3 3 Ballistic Gun 6 | . 2 . 27 16 20 22 7 1 1 6 6 . 6 3 2 5 5 10 6 3 5 6 4 . . Special Weapon 2 | . . . . . . . . 4 2 5 6 4 5 4 5 4 2 2 4 3 3 4 4 3 4 Piercing Weapon 1 | . . . . . . . . . . . . . 4 6 5 5 5 5 4 4 3 . . . . Naked Turns . | . . . . . . . . . . . . . . . . . . . . . . . . . . Heaviest Build 182 | 11 21 22 33 42 44 41 66 62 60 63 74 73 63 60 56 69 131 133 156 160 179 160 171 164 182 Greatest Support 205 | 20 20 20 60 60 60 60 63 60 60 60 80 78 78 71 71 76 80 80 120 168 205 173 170 170 169 Greatest Overweight (x) 1 | . 1 1 1 . 1 1 1 1 . 1 . . . . . 1 1 1 1 1 1 . 1 1 1 Average Overweight (x) . | . . . . . . . . . . . . . . . . . . . 1 . . . . . . Largest Inventory Capacity 25 | . 10 10 15 15 15 15 15 15 15 15 15 15 15 15 15 15 25 25 25 25 25 25 25 25 25 Average Capacity 17 | . 9 10 13 15 15 15 15 15 15 15 15 15 15 15 15 15 15 23 25 25 25 25 25 25 25 Most Carried 25 | . 10 10 15 15 15 15 15 15 15 15 15 15 15 15 15 15 16 25 25 25 25 25 25 25 25 Average Carried 17 | . 8 9 13 14 14 14 14 14 14 14 14 14 14 14 14 14 14 21 24 24 22 24 24 24 24 Final Capacity 25 | 8 10 10 15 15 15 15 15 15 15 15 15 15 15 15 15 15 15 25 25 25 25 25 25 25 25 Final Carried 25 | 6 10 10 15 15 15 15 15 14 15 15 15 15 15 15 15 15 15 25 25 24 25 25 24 25 25 Class Distribution -------------------- 27% | Botlord-Mutant 27% | Bothacker-Mutant 17% | Botlord-Assassin 8% | Mutant 4% | Bothacker-Tank 3% | Botlord-Gunner Dominant Class ---------------- Mutant | -10/Materials Mutant | -10/Mines Scavenger-Tank | -9/Materials Mutant | -9/Storage Tank | -9/Garrison Commander-Mutant | -9/Recycling Bothacker-Mutant | -7/Factory Bothacker-Mutant | -7/Garrison Bothacker-Mutant | -7/Factory Bothacker-Mutant | -7/Garrison Bothacker-Mutant | -6/Factory Bothacker-Mutant | -6/Garrison Bothacker-Mutant | -6/Factory Bothacker-Mutant | -6/Garrison Botlord-Assassin | -5/Factory Botlord-Assassin | -5/Garrison Botlord-Assassin | -4/Factory Botlord-Assassin | -4/Garrison Botlord-Mutant | -3/Research Botlord-Mutant | -3/Garrison Botlord-Mutant | -2/Research Botlord-Mutant | -2/Garrison Botlord-Mutant | -1/Access Botlord-Mutant | -1/Garrison Botlord-Mutant | -1/Access Resources | -11 -10 -10 -9 -9 -9 -9 -7 -7 -7 -7 -6 -6 -6 -6 -5 -5 -4 -4 -3 -3 -2 -2 -1 -1 -1 ----------- Run | Scr Mat Min Mat Sto Gar Rec Fac Gar Fac Gar Fac Gar Fac Gar Fac Gar Fac Gar Res Gar Res Gar Acc Gar Acc Matter Collected 10939 | 200 408 80 419 186 501 236 624 258 427 241 . 460 376 248 174 595 . 469 231 600 1224 655 985 683 659 Remotely . | . . . . . . . . . . . . . . . . . . . . . . . . . . Salvage Created 10950 | . 678 72 682 77 652 . 1221 319 486 180 . 384 189 453 191 1135 . 319 151 390 946 347 1271 619 188 Parts 559 | . 42 8 40 15 45 . 55 13 24 17 . 20 9 26 4 37 . 11 10 16 63 12 58 30 4 Haulers Intercepted 5 | . 1 . 2 . . . 1 . . . . . . . . . . . . . . . . . 1 Recyclers Shooed 5 | . . . 3 . . . . . . . . . . . . . . . . . . . 2 . . Parts Field Recycled 7 | . . . . . . . . . . . 7 . . . . . . . . . . . . . . Retrieved Matter 265 | . . . . . . . . . . . 265 . . . . . . . . . . . . . . Parts Self-Destructed . | . . . . . . . . . . . . . . . . . . . . . . . . . . Prevented . | . . . . . . . . . . . . . . . . . . . . . . . . . . Kills | -11 -10 -10 -9 -9 -9 -9 -7 -7 -7 -7 -6 -6 -6 -6 -5 -5 -4 -4 -3 -3 -2 -2 -1 -1 -1 ------- Run | Scr Mat Min Mat Sto Gar Rec Fac Gar Fac Gar Fac Gar Fac Gar Fac Gar Fac Gar Res Gar Res Gar Acc Gar Acc Combat Hostiles Destroyed 202 | . 12 5 12 8 25 . 17 9 6 9 . 11 1 12 2 19 . 5 2 8 10 4 15 9 1 Melee 11 | . . . . . . . . . . . . . . 1 1 5 . 1 1 2 . . . . . Guns 110 | . 11 3 10 . 7 . 15 5 4 2 . 2 1 3 1 10 . 4 . 2 9 3 12 5 1 Cannons 23 | . . . . 1 6 . . . . . . 3 . . . 4 . . 1 3 1 . 1 3 . AOE 52 | . 1 2 2 7 12 . 1 3 1 7 . 6 . 7 . . . . . 1 . 1 . 1 . Classes Destroyed 19 | . 4 1 4 . 1 . 5 . . . . 1 . . . . . . 2 1 . . . . . Worker 9 | . . . 1 . . . 3 . 2 . . . . . . . . . . . 2 . 1 . . Builder 5 | . . . . . . . 1 . 1 . . . . . . . . . 1 . 1 . 1 . . Tunneler 1 | . . . . . . . . . . . . . . . . . . . 1 . . . . . . Hauler 5 | . 1 . 2 . . . 1 . . . . . . . . . . . . . . . . . 1 Recycler 6 | . . . 1 . . . 2 . 1 . . . 1 . . . . . . . 1 . . . . Mechanic 2 | . . . . . . . 1 . . . . . 1 . . . . . . . . . . . . Operator 2 | . 2 . . . . . . . . . . . . . . . . . . . . . . . . Watcher 3 | . 1 . . . . . . . . . . . . . . 1 . . . . 1 . . . . Swarmer 62 | . . 5 1 7 11 . . 7 . 7 . 6 . 10 . 1 . . . 1 1 3 2 . . Cutter 5 | . . . . . . . . . . . . . . . . . . . . 3 . . . 2 . Grunt 80 | . 12 . 7 . 10 . 11 1 5 2 . 2 . 3 3 16 . 2 . 1 . 1 4 . . Brawler 5 | . . . . . . . 1 1 . . . 1 . . . . . . . . . . . 1 1 Duelist 2 | . . . 2 . . . . . . . . . . . . . . . . . . . . . . Protector 3 | . . . . . . . 3 . . . . . . . . . . . . . . . . . . Sentry 11 | . . . 2 1 3 . 1 . 1 . . 1 . . . . . 1 . 1 . . . . . Specialist 6 | . . . . . 1 . . . . . . . . . . . . . . . 3 . 1 1 . Hunter 8 | . . . . . . . . . . . . . . . . . . . 2 . . 1 3 2 . Programmer 28 | . . . . . . . 4 . . . . 1 1 . . 2 . 2 . 2 6 . 7 3 . Behemoth 1 | . . . . . . . . . . . . 1 . . . . . . . . . . . . . Best Kill Streak 8 | . 3 3 5 8 8 . 5 4 3 5 . 3 2 5 1 3 . 2 1 3 6 1 3 3 1 Combat Bots Only 8 | . 3 3 4 8 8 . 4 4 3 5 . 3 1 5 1 3 . 2 1 3 4 1 2 3 1 Max Kills in Single Turn 4 | . 1 2 2 3 4 . 2 2 1 4 . 2 1 3 1 1 . 1 1 1 2 1 1 1 1 Gunslinging 1 | . . . . . . . 1 . . . . . . . . . . . . . . . . . . Exploded 4 | . 1 2 1 3 4 . 1 2 1 4 . 2 . 3 . . . . . 1 . 1 . 1 . Melee 1 | . . . . . . . . . . . . . . 1 1 1 . 1 1 1 . . . . . Uniques/NPCs Destroyed . | . . . . . . . . . . . . . . . . . . . . . . . . . . Combat | -11 -10 -10 -9 -9 -9 -9 -7 -7 -7 -7 -6 -6 -6 -6 -5 -5 -4 -4 -3 -3 -2 -2 -1 -1 -1 -------- Run | Scr Mat Min Mat Sto Gar Rec Fac Gar Fac Gar Fac Gar Fac Gar Fac Gar Fac Gar Res Gar Res Gar Acc Gar Acc Damage Taken 18150 | . 359 184 181 172 1451 18 1129 550 202 279 113 613 354 804 224 1141 30 474 331 757 4103 768 1724 2072 117 Core 1653 | . 103 26 33 14 169 7 30 55 51 . . 42 48 134 22 156 . 53 13 70 258 21 79 244 25 Absorbed by Shields 2339 | . . . . . . 5 85 . . . . . . . . . . 5 101 393 722 . 932 . 96 Core Remaining (%) 77 | 100 . 48 . . . 44 . . . 80 . . . 73 . 82 . 95 . 93 . 80 . . 78 Volleys Fired 1001 | . 38 9 38 7 64 . 51 31 34 23 2 45 32 40 18 91 9 27 18 62 79 52 107 66 58 Largest 4 | . 2 2 3 3 3 . 4 3 4 3 1 4 3 2 2 2 2 2 2 2 2 3 3 3 3 Hottest 260 | . 90 90 110 88 159 . 245 190 193 138 30 238 193 150 123 123 61 61 143 143 153 136 208 260 260 Shots Fired 1605 | . 76 13 104 13 130 1 104 48 55 31 2 58 42 47 23 144 10 41 22 66 114 77 205 110 69 Gun 979 | . 76 12 103 8 80 1 98 32 42 16 . 11 22 21 14 57 3 28 8 20 71 51 145 45 15 Cannon 244 | . . . . 2 41 . . . . . . 23 5 3 5 55 . . 7 14 10 . 21 33 25 Launcher 41 | . . 1 1 3 9 . . 3 . 3 . 7 . 8 . 1 . . . 1 1 . . 3 . Special 341 | . . . . . . . 6 13 13 12 2 17 15 15 4 31 7 13 7 31 32 26 39 29 29 Kinetic 573 | . 16 . 98 8 80 1 38 3 7 5 . 3 5 6 14 57 3 28 8 20 51 43 63 16 . Thermal 384 | . 16 . . 2 41 . 19 3 . . . 27 22 3 5 55 . . 7 14 19 . 62 54 35 Explosive 27 | . . 1 1 3 9 . . . . 3 . 7 . . . 1 . . . 1 1 . . . . Electromagnetic 280 | . 44 12 5 . . . 41 29 35 11 . 4 . 23 . . . . . . 11 8 41 11 5 Robot Hit Streak 26 | . 14 3 14 13 17 . 26 18 16 14 8 7 16 5 11 11 2 18 5 7 9 5 12 17 8 Robot Miss Streak 5 | . 4 4 5 1 3 1 4 2 3 2 . 4 2 4 1 3 2 2 1 1 3 3 5 5 4 Penetration Max 1 | . . . . . . . . . . . . . . 1 . . . . 1 1 1 . 1 1 . Secondary Targets 13 | . . . 2 . . . 5 . 1 . . . . 1 . . . 1 . . 2 . 1 . . Max Gunslinging Chain 1 | . . . 1 . . . 1 . 1 . . . . 1 . . . 1 . . 1 . 1 . . Shots Hit Robots 1100 | . 53 8 65 5 73 39 82 39 44 18 2 31 31 22 20 119 6 33 18 44 74 41 130 70 33 Core Hits 424 | . 31 6 30 9 38 . 60 13 14 12 . 15 4 16 6 35 . 7 9 10 31 11 36 26 5 Critical Kills 12 | . . . . . . . . . . . . . . . 2 1 . 2 . . 2 2 3 . . Critical Parts Destroyed 21 | . . . . . . . . . . . . . . . 1 . . 2 1 1 2 2 10 2 . Critical Strikes 42 | . . . . . . . 1 . . . . 1 . 1 3 1 . 4 3 1 5 4 15 3 . Burn 2 | . . . . . . . . . . . . 1 . . . . . . . . 1 . . . . Destroy 33 | . . . . . . . . . . . . . . . 3 1 . 4 1 1 4 4 13 2 . Corrupt 5 | . . . . . . . 1 . . . . . . 1 . . . . . . . . 2 1 . Puncture 2 | . . . . . . . . . . . . . . . . . . . 2 . . . . . . Melee Attacks 164 | . . . . 2 2 39 3 . 7 1 . . 21 10 9 49 1 6 8 6 . . . . . Impact . | . . . . . . . . . . . . . . . . . . . . . . . . . . Slashing 13 | . . . . 2 . . 3 . 7 1 . . . . . . . . . . . . . . . Piercing 93 | . . . . . . . . . . . . . 21 10 9 32 1 6 8 6 . . . . . Sneak Attacks 76 | . . . . . . 39 . . 1 . . . 2 1 1 26 . 1 3 2 . . . . . Combat Hostiles 16 | . . . . . . . . . . . . . . 1 1 10 . 1 1 2 . . . . . Follow-up Attacks . | . . . . . . . . . . . . . . . . . . . . . . . . . . Damage Inflicted 24527 | . 900 159 947 404 2039 . 2231 748 883 636 . 1178 586 834 441 2784 . 615 530 914 1852 501 3066 1812 467 Guns 13939 | . 873 80 816 6 641 . 1496 518 723 171 . 165 328 273 270 938 . 510 91 364 1320 501 2716 886 253 Cannons 3914 | . . . . 41 513 . . . . . . 346 80 . 93 927 . . 194 184 174 . 347 801 214 Explosions 4721 | . 27 79 131 357 885 . 734 230 54 465 . 667 . 482 . 51 . . . 166 273 . . 120 . Melee 1859 | . . . . . . . . . 106 . . . 178 79 78 868 . 105 245 200 . . . . . Ramming 94 | . . . . . . . 1 . . . . . . . . . . . . . 85 . 3 5 . Kinetic 7797 | . 146 . 760 6 641 . 527 64 128 20 . 50 110 88 270 938 . 510 91 364 997 426 1322 339 . Thermal 7274 | . 164 . 49 41 513 . 862 112 54 . . 412 298 172 93 927 . . 194 166 289 . 1261 1272 395 Explosive 3257 | . . 79 82 357 885 . 232 . . 465 . 667 . . . 51 . . . 166 273 . . . . Electromagnetic 4228 | . 590 80 56 . . . 609 572 595 151 . 49 . 495 . . . . . . 208 75 480 196 72 Impact 18 | . . . . . . . . . . . . . . . . . . . . 18 . . . . . Slashing 106 | . . . . . . . . . 106 . . . . . . . . . . . . . . . . Piercing 1753 | . . . . . . . . . . . . . 178 79 78 868 . 105 245 200 . . . . . Highest Corruption 21 | . . 3 . . 9 11 9 18 20 20 1 2 8 8 . 1 . 1 . 4 21 21 16 21 21 Average Corruption 9 | . . 3 . . 9 9 5 9 18 20 1 1 5 8 . 1 . 1 . 3 14 21 10 20 15 Corruption Purged 10 | . . . . . . . . . . . . . . . . . . . . . . . . . 10 Effects 484 | . . 7 . . 38 29 34 18 43 27 2 8 25 18 . 3 . 2 . 19 27 58 23 49 54 Message Errors 124 | . . . . . 11 6 7 4 10 8 . 4 12 7 . 3 . 2 . 6 8 10 8 7 11 Matter Fused 103 | . . 2 . . 10 6 4 6 12 4 . . 3 4 . . . . . 6 6 13 2 13 12 Heat Flow Errors 69 | . . 2 . . 3 3 9 . 4 4 . . 5 2 . . . . . 6 3 10 4 6 8 Energy Discharges 55 | . . . . . 6 5 3 . 4 5 1 1 2 . . . . . . 1 2 10 1 5 9 Parts Rejected 6 | . . . . . 1 . 1 . 2 . . . . . . . . . . . . 1 1 . . Data Loss (minor) 57 | . . 3 . . 2 7 5 4 3 2 1 3 2 1 . . . . . . 3 6 4 6 5 Data Loss (major) 20 | . . . . . . 1 . 1 2 1 . . 1 3 . . . . . . 3 . 1 4 3 Misfires 24 | . . . . . 2 1 3 2 3 2 . . . 1 . . . . . . 1 1 1 2 5 Alerts 5 | . . . . . . . . . . 1 . . . . . . . . . . . . 1 2 1 Misdirections 3 | . . . . . . . . . . . . . . . . . . . . . . 1 . 2 . Weapon Failures 18 | . . . . . 3 . 2 1 3 . . . . . . . . . . . 1 6 . 2 . Overload Shots . | . . . . . . . . . . . . . . . . . . . . . . . . . . Overflow Damage 548 | . . . . 6 16 . 78 32 66 . . 74 39 11 . 140 . . . . 2 . 39 45 . Projectiles 132 | . . . . . 5 . . . . . . 4 39 . . . . . . . . . 39 45 . Explosions 208 | . . . . 6 11 . 78 32 . . . 70 . 11 . . . . . . . . . . . Melee 208 | . . . . . . . . . 66 . . . . . . 140 . . . . 2 . . . . Knockbacks . | . . . . . . . . . . . . . . . . . . . . . . . . . . Impact . | . . . . . . . . . . . . . . . . . . . . . . . . . . Kinetic . | . . . . . . . . . . . . . . . . . . . . . . . . . . Secondary . | . . . . . . . . . . . . . . . . . . . . . . . . . . Self-Inflicted Damage 1088 | . 37 . 14 74 22 . 340 53 . . . 261 . 154 . . . . . 42 42 . . 49 . Shots 36 | . 1 . 1 3 1 . 6 4 . . . 5 . 9 . . . . . 1 1 . . 4 . Rammed 9 | . . . . . . . 1 . . . . . . . . . . . . . 6 . . 2 . Targets Rammed 11 | . . . . . . . 1 . 1 . . . . . . . . . . . 6 . 1 2 . Kicked 2 | . . . . . . . . . 1 . . . . . . . . . . . . . 1 . . Crushed . | . . . . . . . . . . . . . . . . . . . . . . . . . . Highest Temperature 532 | . 99 237 74 75 464 275 532 208 215 319 12 330 256 241 143 316 . 21 250 249 270 287 372 386 304 Average Temperature 99 | . 34 114 12 24 156 130 166 54 86 99 9 117 77 35 65 81 . 11 103 56 87 75 126 108 100 Received Heat Transfer 2448 | . 198 . 57 27 468 . 339 27 141 60 . 114 30 90 9 474 . 45 . 49 183 36 47 45 9 Effects 25 | . . . . . 5 . 8 . . . . 1 . . . . . . . . . . 8 1 2 Shutdowns 6 | . . . . . 1 . 3 . . . . . . . . . . . . . . . 2 . . Energy Bleed 12 | . . . . . 2 . 2 . . . . . . . . . . . . . . . 5 1 2 Interference 1 | . . . . . . . . . . . . 1 . . . . . . . . . . . . . Matter Decay 2 | . . . . . 1 . 1 . . . . . . . . . . . . . . . . . . Damage (minor) 4 | . . . . . 1 . 2 . . . . . . . . . . . . . . . 1 . . Siege Activations . | . . . . . . . . . . . . . . . . . . . . . . . . . . Robots Corrupted 6 | . . . . . . . 1 1 1 . . . . 1 . . . . . . . . 2 . . Combat Hostiles 6 | . . . . . . . 1 1 1 . . . . 1 . . . . . . . . 2 . . Parts Fried 21 | . 3 . 1 . . . 1 4 3 . . . . 4 . . . . . . 1 . 1 3 . Impact Corruptions 1 | . . . . . . . . . . . . . . . . . . . . . 1 . . . . Robots Melted . | . . . . . . . . . . . . . . . . . . . . . . . . . . Combat Hostiles . | . . . . . . . . . . . . . . . . . . . . . . . . . . Parts Melted 22 | . . . . 1 . . 2 . 1 . . 1 . . 3 1 . 3 . 2 2 . . 5 1 Heat Transferred 8577 | . 300 . 100 74 728 . 1339 175 50 . . 657 474 200 111 1110 . . 125 100 407 . 1137 1161 329 Parts Sabotaged . | . . . . . . . . . . . . . . . . . . . . . . . . . . Parts Stolen . | . . . . . . . . . . . . . . . . . . . . . . . . . . Parts Stripped . | . . . . . . . . . . . . . . . . . . . . . . . . . . Power Chain Reactions 11 | . 2 . 1 . . . 2 1 1 . . . . 4 . . . . . . . . . . . Missiles Intercepted . | . . . . . . . . . . . . . . . . . . . . . . . . . . Alert | -11 -10 -10 -9 -9 -9 -9 -7 -7 -7 -7 -6 -6 -6 -6 -5 -5 -4 -4 -3 -3 -2 -2 -1 -1 -1 ------- Run | Scr Mat Min Mat Sto Gar Rec Fac Gar Fac Gar Fac Gar Fac Gar Fac Gar Fac Gar Res Gar Res Gar Acc Gar Acc Peak Influence 1404 | . 238 159 255 319 1097 684 1404 967 616 644 344 1187 629 476 488 919 489 514 470 459 297 426 271 395 464 Initial 1131 | . . 34 48 65 207 493 1131 711 507 329 338 100 623 186 249 227 482 342 288 211 258 125 255 81 236 Average 451 | . 101 91 152 200 786 558 1224 852 487 525 306 857 324 316 299 515 482 458 322 296 174 242 121 265 247 Maximum Alert Level 4 | . 1 . 1 1 3 2 4 3 2 2 1 4 2 2 2 3 2 2 2 2 1 2 1 1 2 Low Security (%) 22 | . 95 100 70 45 . . . . . . 16 4 12 10 . . . . . 25 56 29 76 27 13 Level 1 37 | . 4 . 29 54 8 . . . 17 24 83 6 71 68 91 49 . 10 90 55 43 65 23 72 83 Level 2 18 | . . . . . 19 100 . . 82 75 . 12 15 20 8 18 100 89 9 18 . 5 . . 3 Level 3 14 | . . . . . 72 . 25 100 . . . 59 . . . 32 . . . . . . . . . Level 4 6 | . . . . . . . 74 . . . . 16 . . . . . . . . . . . . . Level 5 . | . . . . . . . . . . . . . . . . . . . . . . . . . . High Security . | . . . . . . . . . . . . . . . . . . . . . . . . . . Max Security . | . . . . . . . . . . . . . . . . . . . . . . . . . . Squads Dispatched 43 | . 1 . 2 . . . 4 . 3 . 1 . 3 . 3 . 1 . 3 . 8 . 9 . 5 Investigation 4 | . 1 . . . . . . . 1 . 1 . . . 1 . . . . . . . . . . Extermination 16 | . . . . . . . 3 . 1 . . . 2 . 1 . . . 2 . 2 . 3 . 2 Reinforcement 17 | . . . 2 . . . . . 1 . . . 1 . 1 . . . . . 6 . 6 . . Assault 3 | . . . . . . . 1 . . . . . . . . . . . . . . . . . 2 Garrison 3 | . . . . . . . . . . . . . . . . . 1 . 1 . . . . . 1 Intercept . | . . . . . . . . . . . . . . . . . . . . . . . . . . Construction Impeded 1 | . . . . . . . . . 1 . . . . . . . . . . . . . . . . Haulers Reinforced 3 | . . . . . . . . . . . . . . . . . . . . . . . 3 . . Active Scanning Responses 3 | . . . . . . . . . . . . . . . 1 1 . 1 . . . . . . . Cargo Convoy Interrupts . | . . . . . . . . . . . . . . . . . . . . . . . . . . Alert ID Control Effect 104 | . . . . . . . . . . . . . . . . . . . . 9 24 12 15 14 30 Stealth | -11 -10 -10 -9 -9 -9 -9 -7 -7 -7 -7 -6 -6 -6 -6 -5 -5 -4 -4 -3 -3 -2 -2 -1 -1 -1 --------- Run | Scr Mat Min Mat Sto Gar Rec Fac Gar Fac Gar Fac Gar Fac Gar Fac Gar Fac Gar Res Gar Res Gar Acc Gar Acc Distress Signals 15 | . 2 . 2 . . . . . 1 . . . . . . 1 . . . . 4 . 5 . . Communications Jammed 160 | . . . . . . . . . . . . . . . 3 . . . . . 3 . 154 . . Distress Signals 154 | . . . . . . . . . . . . . . . . . . . . . 3 . 151 . . Times Spotted 577 | . 23 9 34 10 29 18 26 24 18 13 . 36 9 22 8 46 4 9 9 31 52 31 59 34 23 Peak Tracking Total 11 | . 4 3 8 7 8 4 4 5 5 5 . 7 3 11 4 8 3 2 2 10 9 5 6 6 6 Tactical Retreats 31 | . 1 1 1 1 2 . . 3 . 1 . 2 . 2 . 4 . . . 2 7 1 3 . . Traps | -11 -10 -10 -9 -9 -9 -9 -7 -7 -7 -7 -6 -6 -6 -6 -5 -5 -4 -4 -3 -3 -2 -2 -1 -1 -1 ------- Run | Scr Mat Min Mat Sto Gar Rec Fac Gar Fac Gar Fac Gar Fac Gar Fac Gar Fac Gar Res Gar Res Gar Acc Gar Acc Traps Triggered 34 | . 1 . . . 8 . . 1 . 1 1 3 . 1 . 2 . 3 . 5 1 1 1 5 . Indirectly 2 | . . . . . . . . . . . . . . . . . . . . . . . . 2 . Trap Hack Attempts . | . . . . . . . . . . . . . . . . . . . . . . . . . . Triggered . | . . . . . . . . . . . . . . . . . . . . . . . . . . Disarmed . | . . . . . . . . . . . . . . . . . . . . . . . . . . Reprogrammed . | . . . . . . . . . . . . . . . . . . . . . . . . . . Reused . | . . . . . . . . . . . . . . . . . . . . . . . . . . Traps Extracted . | . . . . . . . . . . . . . . . . . . . . . . . . . . Installed . | . . . . . . . . . . . . . . . . . . . . . . . . . . Triggered 1 | . . . . . . . . . 1 . . . . . . . . . . . . . . . . Machines | -11 -10 -10 -9 -9 -9 -9 -7 -7 -7 -7 -6 -6 -6 -6 -5 -5 -4 -4 -3 -3 -2 -2 -1 -1 -1 ---------- Run | Scr Mat Min Mat Sto Gar Rec Fac Gar Fac Gar Fac Gar Fac Gar Fac Gar Fac Gar Res Gar Res Gar Acc Gar Acc Machines Disabled 63 | . . . 2 2 5 1 11 1 1 2 . 7 5 3 1 4 . 2 . 4 1 4 . 5 2 Max in Single Turn 5 | . . . 1 1 1 . 5 1 1 1 . 1 . 1 1 1 . 1 . 1 . 1 . 1 1 Garrison Access 2 | . . . . . . . . . . . . . . . . . . . . . . . . . 2 Garrison Relay 31 | . . . . . 4 . . 1 . 2 . 4 . 2 . 4 . 2 . 4 . 4 . 4 . Phase Generator 1 | . . . . . . . . . . . . 1 . . . . . . . . . . . . . Machines Sabotaged . | . . . . . . . . . . . . . . . . . . . . . . . . . . Garrisons Compromised 1 | . . . . . . . . . . . . . 1 . . . . . . . . . . . . Overloaded Fab Kills . | . . . . . . . . . . . . . . . . . . . . . . . . . . Hacking | -11 -10 -10 -9 -9 -9 -9 -7 -7 -7 -7 -6 -6 -6 -6 -5 -5 -4 -4 -3 -3 -2 -2 -1 -1 -1 --------- Run | Scr Mat Min Mat Sto Gar Rec Fac Gar Fac Gar Fac Gar Fac Gar Fac Gar Fac Gar Res Gar Res Gar Acc Gar Acc Machines Accessed 29 | . 3 2 2 1 . 1 4 . 5 . 3 . 2 . 1 . 1 . 1 . 1 . 2 . . Terminals 14 | . 3 1 2 . . . 3 . 3 . . . 1 . . . . . . . . . 1 . . Fabricators 1 | . . . . . . . . . . . 1 . . . . . . . . . . . . . . Repair Stations . | . . . . . . . . . . . . . . . . . . . . . . . . . . Recycling Units 3 | . . . . . . 1 . . 1 . 1 . . . . . . . . . . . . . . Scanalyzers . | . . . . . . . . . . . . . . . . . . . . . . . . . . Garrison Access 10 | . . . . 1 . . 1 . 1 . 1 . 1 . 1 . 1 . 1 . 1 . 1 . . Total Hacks 44 | . 6 2 4 1 . 1 9 . 5 . 5 . 5 . 1 . 1 . 1 . 1 . 2 . . Successful 23 | . 2 2 1 1 . 1 5 . 1 . 2 . 2 . 1 . 1 . 1 . 1 . 2 . . Failed 21 | . 4 . 3 . . . 4 . 4 . 3 . 3 . . . . . . . . . . . . Catastrophic 4 | . . . . . . . . . 4 . . . . . . . . . . . . . . . . Database Lockouts . | . . . . . . . . . . . . . . . . . . . . . . . . . . Manual 12 | . 5 . . . . . 1 . 2 . . . 4 . . . . . . . . . . . . Terminals 26 | . 6 1 4 . . . 7 . 3 . . . 4 . . . . . . . . . 1 . . Fabricators 2 | . . . . . . . . . . . 2 . . . . . . . . . . . . . . Repair Stations . | . . . . . . . . . . . . . . . . . . . . . . . . . . Recycling Units 4 | . . . . . . 1 . . 1 . 2 . . . . . . . . . . . . . . Scanalyzers . | . . . . . . . . . . . . . . . . . . . . . . . . . . Garrison Access 11 | . . . . 1 . . 2 . 1 . 1 . 1 . 1 . 1 . 1 . 1 . 1 . . Terminal Hacks 8 | . 2 2 1 . . . 2 . . . . . . . . . . . . . . . 1 . . Record 1 | . . . . . . . . . . . . . . . . . . . . . . . 1 . . Open Door 1 | . . 1 . . . . . . . . . . . . . . . . . . . . . . . Branch Access Points 2 | . 1 . 1 . . . . . . . . . . . . . . . . . . . . . . Unreport Threat 2 | . . . . . . . 2 . . . . . . . . . . . . . . . . . . Locate Traps 1 | . 1 . . . . . . . . . . . . . . . . . . . . . . . . Zone Layout 1 | . . 1 . . . . . . . . . . . . . . . . . . . . . . . Fabricator Hacks 1 | . . . . . . . . . . . 1 . . . . . . . . . . . . . . Build 1 | . . . . . . . . . . . 1 . . . . . . . . . . . . . . Repair Station Hacks . | . . . . . . . . . . . . . . . . . . . . . . . . . . Recycling Unit Hacks 1 | . . . . . . 1 . . . . . . . . . . . . . . . . . . . Retrieve Components 1 | . . . . . . 1 . . . . . . . . . . . . . . . . . . . Scanalyzer . | . . . . . . . . . . . . . . . . . . . . . . . . . . Garrison Access Hacks 11 | . . . . 1 . . 2 . 1 . 1 . 1 . 1 . 1 . 1 . 1 . 1 . . Unlock Access 10 | . . . . 1 . . 1 . 1 . 1 . 1 . 1 . 1 . 1 . 1 . 1 . . Coupler Status 1 | . . . . . . . 1 . . . . . . . . . . . . . . . . . . Unauthorized Hacks 2 | . . . . . . . 1 . . . . . 1 . . . . . . . . . . . . Terminals 2 | . . . . . . . 1 . . . . . 1 . . . . . . . . . . . . Assimilate 1 | . . . . . . . . . . . . . 1 . . . . . . . . . . . . Botnet 1 | . . . . . . . 1 . . . . . . . . . . . . . . . . . . Fabricators . | . . . . . . . . . . . . . . . . . . . . . . . . . . Repair Stations . | . . . . . . . . . . . . . . . . . . . . . . . . . . Recycling Units . | . . . . . . . . . . . . . . . . . . . . . . . . . . Scanalyzers . | . . . . . . . . . . . . . . . . . . . . . . . . . . Garrison Access . | . . . . . . . . . . . . . . . . . . . . . . . . . . Data Cores Recovered 2 | . 2 . . . . . . . . . . . . . . . . . . . . . . . . Used . | . . . . . . . . . . . . . . . . . . . . . . . . . . Hacking Detections 19 | . 1 . 1 . . . 4 . 4 . 2 . 1 . 1 . 1 . 1 . 1 . 2 . . Full Trace Events 2 | . . . 1 . . . . . . . 1 . . . . . . . . . . . . . . Feedback Events . | . . . . . . . . . . . . . . . . . . . . . . . . . . Feedback Blocked . | . . . . . . . . . . . . . . . . . . . . . . . . . . Robot Schematics Acquired . | . . . . . . . . . . . . . . . . . . . . . . . . . . Robots Built 3 | . . . . . . . . . . . 3 . . . . . . . . . . . . . . Authchips . | . . . . . . . . . . . . . . . . . . . . . . . . . . Time 134 | . . . . . . . . . . . 134 . . . . . . . . . . . . . . Total Robot Build Rating 12 | . . . . . . . . . . . 12 . . . . . . . . . . . . . . Part Schematics Acquired . | . . . . . . . . . . . . . . . . . . . . . . . . . . Parts Built . | . . . . . . . . . . . . . . . . . . . . . . . . . . Authchips . | . . . . . . . . . . . . . . . . . . . . . . . . . . Time . | . . . . . . . . . . . . . . . . . . . . . . . . . . Total Part Build Rating . | . . . . . . . . . . . . . . . . . . . . . . . . . . Parts Repaired . | . . . . . . . . . . . . . . . . . . . . . . . . . . Time . | . . . . . . . . . . . . . . . . . . . . . . . . . . Parts Recycled . | . . . . . . . . . . . . . . . . . . . . . . . . . . Recycled Matter . | . . . . . . . . . . . . . . . . . . . . . . . . . . Retrieved Matter . | . . . . . . . . . . . . . . . . . . . . . . . . . . Retrieved Components . | . . . . . . . . . . . . . . . . . . . . . . . . . . Parts Scanalyzed . | . . . . . . . . . . . . . . . . . . . . . . . . . . Part Schematics Acquired . | . . . . . . . . . . . . . . . . . . . . . . . . . . Parts Damaged . | . . . . . . . . . . . . . . . . . . . . . . . . . . Bothacking | -11 -10 -10 -9 -9 -9 -9 -7 -7 -7 -7 -6 -6 -6 -6 -5 -5 -4 -4 -3 -3 -2 -2 -1 -1 -1 ------------ Run | Scr Mat Min Mat Sto Gar Rec Fac Gar Fac Gar Fac Gar Fac Gar Fac Gar Fac Gar Res Gar Res Gar Acc Gar Acc Used RIF Installer 9 | . . . . . 1 . . . . 1 . 1 . 1 . 1 . 1 . 1 . 1 . 1 . Coupler Efficiency 1 | . . . . . . . . . . 1 . . . . . . . . . . . . . . . Command Fork 1 | . . . . . . . . . . . . . . . . . . 1 . . . . . . . Signal Jammer 1 | . . . . . . . . . . . . . . 1 . . . . . . . . . . . Watcher Feeds 1 | . . . . . . . . . . . . . . . . . . . . . . . . 1 . Alert ID Control 1 | . . . . . . . . . . . . . . . . . . . . 1 . . . . . Program Shield 1 | . . . . . . . . . . . . 1 . . . . . . . . . . . . . Autooverride 1 | . . . . . . . . . . . . . . . . . . . . . . 1 . . . Autoassimilate 1 | . . . . . . . . . . . . . . . . 1 . . . . . . . . . Robots Hacked 206 | . . . . . 2 1 2 7 8 6 1 9 6 7 4 18 4 7 5 17 20 18 30 17 17 Non-combat 28 | . . . . . . 1 2 . 5 . . . 2 . . . 1 . . . 4 . 6 . 7 Combat 178 | . . . . . 2 . . 7 3 6 1 9 4 7 4 18 3 7 5 17 16 18 24 17 10 Autooverrided 8 | . . . . . . . . . . . . . . . . . . . . . . . 4 3 1 Autoassimilated 14 | . . . . . . . . . . . . . . . . 1 1 1 . . 2 2 4 . 3 Robot Hacks Applied 207 | . . . . . 2 1 2 7 9 6 1 10 12 8 4 18 3 6 5 18 22 18 25 15 15 parse_system 16 | . . . . . . . . . 2 . . 3 2 1 . . 1 . . . 2 1 3 1 . no_distress 4 | . . . . . . . . . . . . . . . . . . . . . . . . . 4 map_walls 3 | . . . . . . . . . 1 . . . . . . . . . . . . . 1 . 1 find_dsf 1 | . . . . . . . . . . . . . 1 . . . . . . . . . . . . drop_inventory 11 | . . . . . . . 2 . 2 . . . 1 . . . . . . . 3 . 2 . 1 find_recycling 1 | . . . . . . 1 . . . . . . . . . . . . . . . . . . . purge_threat 2 | . . . . . . . . . . . . . 2 . . . . . . . . . . . . block_reporting 1 | . . . . . . . . . . . . . . . . . . . . . . . 1 . . map_route 4 | . . . . . . . . . . . . . . . . . . . . . . . 2 . 2 find_shortcuts 1 | . . . . . . . . . . . . . . . . . . . 1 . . . . . . find_garrison 5 | . . . . . . . . . 1 . . . 2 . 1 . . . . . 1 . . . . mark_system 1 | . . . . . . . . . . . . . . . . . . . . . 1 . . . . spike_heat 1 | . . . . . . . . . . . . . . . . . . . . . . . . 1 . overload_power 1 | . . . . . . . . . . . . . . . . . . . . 1 . . . . . amplify_resonance 13 | . . . . . . . . 3 . . . 1 . 1 . . . . . 1 . 5 1 . 1 wipe_record 3 | . . . . . . . . . . . . . . . . 2 . . . . . . 1 . . disable_weapons 3 | . . . . . . . . . . . . . . . . . . . . . 2 1 . . . reboot_system 11 | . . . . . . . . 2 . . . . . 1 1 4 . . 1 1 . . . 1 . overwrite_iff 57 | . . . . . 1 . . . 2 2 . 2 1 2 2 7 . 2 . 9 6 8 6 5 2 streamctrl_high 4 | . . . . . . . . 1 . 1 . 1 . . . . . . . . . . 1 . . formatsys_high 64 | . . . . . 1 . . 1 1 3 1 3 3 3 . 5 2 4 3 6 7 3 7 7 4 Relay Couplers Released 127 | . . . . . 14 . . 5 . 9 . 16 . 8 . 15 . 9 . 16 . 15 . 17 3 Machine Destruction 127 | . . . . . 14 . . 5 . 9 . 16 . 8 . 15 . 9 . 16 . 15 . 17 3 Attached 66 | . . . . . 1 . 1 3 1 5 1 4 3 3 1 4 2 2 1 7 6 6 4 9 2 Robots Rewired 26 | . . . . . . 18 . . . . . . . . . 6 1 . . . . . . . 1 Allies Hacked 1 | . . . . . . . . . . . . . 1 . . . . . . . . . . . . Hacks Repelled . | . . . . . . . . . . . . . . . . . . . . . . . . . . Allies | -11 -10 -10 -9 -9 -9 -9 -7 -7 -7 -7 -6 -6 -6 -6 -5 -5 -4 -4 -3 -3 -2 -2 -1 -1 -1 -------- Run | Scr Mat Min Mat Sto Gar Rec Fac Gar Fac Gar Fac Gar Fac Gar Fac Gar Fac Gar Res Gar Res Gar Acc Gar Acc Total Allies 191 | . . 3 . . 2 18 . 2 3 6 4 6 5 5 2 19 4 7 3 16 19 15 24 18 10 Largest Group 15 | . . 3 3 . 1 15 12 1 2 3 7 6 4 3 2 7 4 3 2 4 4 4 4 7 9 Highest-Rated Group 699 | . . 40 40 . 15 287 210 30 46 85 186 231 148 112 70 161 136 143 128 222 350 351 273 577 699 Highest-Rated Ally 224 | . . 16 16 . 15 34 27 30 30 32 41 85 82 82 41 49 49 49 64 116 171 148 145 224 224 Total Orders 6 | . . . . . . 1 . . . . . . 3 . 2 . . . . . . . . . . STAY 4 | . . . . . . 1 . . . . . . 2 . 1 . . . . . . . . . . FOLLOW 2 | . . . . . . . . . . . . . 1 . 1 . . . . . . . . . . Ally Attacks 1131 | . . 13 16 . . 199 26 7 18 6 1 101 18 16 16 56 19 34 11 43 151 93 130 50 107 Total Damage 32740 | . . 95 116 . . 1847 555 124 352 75 36 3480 768 202 254 959 412 1187 480 1433 4979 3116 4230 3001 5039 Kills 233 | . . 4 4 . . 50 6 1 3 2 . 22 6 1 3 7 3 4 3 9 26 15 18 14 32 Allies Corrupted 9 | . . . . . . . . . . . . . . . . . . 2 . 1 1 . 3 2 . Allies Melted 3 | . . . . . . . . . . . . 1 . 1 . . . . . . . 1 . . . Intel | -11 -10 -10 -9 -9 -9 -9 -7 -7 -7 -7 -6 -6 -6 -6 -5 -5 -4 -4 -3 -3 -2 -2 -1 -1 -1 ------- Run | Scr Mat Min Mat Sto Gar Rec Fac Gar Fac Gar Fac Gar Fac Gar Fac Gar Fac Gar Res Gar Res Gar Acc Gar Acc Robot Analysis Total . | . . . . . . . . . . . . . . . . . . . . . . . . . . Derelict Logs Recovered 2 | . . 2 . . . . . . . . . . . . . . . . . . . . . . . Drone Launches . | . . . . . . . . . . . . . . . . . . . . . . . . . . Drone Recoveries . | . . . . . . . . . . . . . . . . . . . . . . . . . . Exploration | -11 -10 -10 -9 -9 -9 -9 -7 -7 -7 -7 -6 -6 -6 -6 -5 -5 -4 -4 -3 -3 -2 -2 -1 -1 -1 ------------- Run | Scr Mat Min Mat Sto Gar Rec Fac Gar Fac Gar Fac Gar Fac Gar Fac Gar Fac Gar Res Gar Res Gar Acc Gar Acc Turns Passed 23575 | . 818 725 865 209 1370 806 1869 452 844 579 480 1084 1159 653 584 2846 286 534 553 1323 779 999 1474 981 1303 Spaces Moved 12599 | 1 486 411 482 99 616 427 816 237 524 303 333 646 705 421 375 1277 164 220 237 617 310 625 793 573 901 Core . | . . . . . . . . . . . . . . . . . . . . . . . . . . Treads 2425 | . . . 145 99 407 411 419 . . . . . . . . . . . . 476 310 158 . . . Legs 10174 | 1 486 411 337 . 209 16 397 237 524 303 333 646 705 421 375 1277 164 220 237 141 . 467 793 573 901 Wheels . | . . . . . . . . . . . . . . . . . . . . . . . . . . Hover . | . . . . . . . . . . . . . . . . . . . . . . . . . . Flight . | . . . . . . . . . . . . . . . . . . . . . . . . . . Fastest Speed 105 | 120 120 120 120 160 120 160 130 130 130 130 127 125 105 115 115 115 120 120 190 160 148 111 111 111 113 Average Speed 137 | 120 127 162 138 160 170 161 171 134 130 153 129 125 116 115 115 118 153 175 190 167 161 120 124 113 119 Slowest Speed 240 | 120 190 190 190 160 240 190 240 200 130 200 130 127 125 115 115 190 190 190 190 240 232 148 181 182 185 Overloaded Moves . | . . . . . . . . . . . . . . . . . . . . . . . . . . Propulsion Burnouts . | . . . . . . . . . . . . . . . . . . . . . . . . . . Robots Hopped . | . . . . . . . . . . . . . . . . . . . . . . . . . . Cave-ins Triggered . | . . . . . . . . . . . . . . . . . . . . . . . . . . Exploration Rate (%) 42 | 2 89 74 42 21 73 91 21 38 17 40 9 85 17 51 7 82 4 42 5 85 11 89 18 75 27 Regions Visited 25 Branch Regions 3 Pre-discovered Areas . | . . . . . . . . . . . . . . . . . . . . . . . . . . Known Exits Taken 12 | . 1 . 1 1 . . 1 . 1 . 1 . 1 . 1 . 1 . 1 . 1 . 1 . . Unknown Exits Taken 3 | 1 . 1 . . . 1 . . . . . . . . . . . . . . . . . . . Scrap Searched 1 | . . 1 . . . . . . . . . . . . . . . . . . . . . . . Spaces Dug 82 | . . . . . . . 3 . 6 . . . 11 9 4 16 1 . 3 7 3 . 5 . 14 Terrain Destroyed 524 | . 6 7 11 11 24 . 144 . 6 9 . 163 14 24 7 21 2 1 3 14 16 3 17 5 16 Melee 29 | . . . . . . . 3 . 6 . . . 11 1 4 2 1 . 1 . . . . . . Projectile 71 | . . . . . . . . . . . . . 3 2 3 5 1 1 2 7 6 3 17 5 16 AOE 423 | . 6 7 11 11 24 . 141 . . 9 . 163 . 21 . 13 . . . 7 10 . . . . Terrain Rammed . | . . . . . . . . . . . . . . . . . . . . . . . . . . Walls Destroyed . | . . . . . . . . . . . . . . . . . . . . . . . . . . Machines Disabled . | . . . . . . . . . . . . . . . . . . . . . . . . . . Actions | -11 -10 -10 -9 -9 -9 -9 -7 -7 -7 -7 -6 -6 -6 -6 -5 -5 -4 -4 -3 -3 -2 -2 -1 -1 -1 --------- Run | Scr Mat Min Mat Sto Gar Rec Fac Gar Fac Gar Fac Gar Fac Gar Fac Gar Fac Gar Res Gar Res Gar Acc Gar Acc Total 17519 | . 612 456 610 140 821 506 1198 336 638 397 382 874 980 533 494 2445 190 324 311 869 503 825 1144 832 1099 Wait 2661 | . 50 23 46 . 62 29 232 47 26 37 25 136 177 36 79 981 . 36 22 109 18 96 188 123 83 Move 12579 | . 485 410 481 98 615 426 816 236 523 302 333 645 704 420 375 1276 164 219 237 616 309 624 793 572 900 Hop . | . . . . . . . . . . . . . . . . . . . . . . . . . . Pick Up 207 | . 10 4 10 4 13 3 19 6 8 9 3 9 3 6 6 12 2 9 3 13 17 14 3 12 9 Fast Attach 138 | . 5 1 8 3 2 1 15 . 6 3 3 2 7 1 . 2 1 3 6 8 19 4 13 13 12 Attach 120 | . . 1 4 1 7 . 6 3 2 7 5 4 4 6 3 7 3 1 3 6 19 8 7 11 2 Detach 66 | . 1 . 3 3 1 . 2 2 3 5 4 2 4 2 . 2 1 1 2 4 8 2 4 6 4 Swap 232 | . 7 4 7 10 13 4 21 6 14 6 4 17 16 6 2 8 7 7 4 10 14 9 16 9 11 Drop 242 | . 16 4 13 12 7 4 32 4 14 4 3 9 12 2 2 7 2 . 8 20 14 11 12 10 20 Fire 1001 | . 38 9 38 7 64 . 51 31 34 23 2 45 32 40 18 91 9 27 18 62 79 52 107 66 58 Melee 164 | . . . . 2 2 39 3 . 7 1 . . 21 10 9 49 1 6 8 6 . . . . . Ram . | . . . . . . . . . . . . . . . . . . . . . . . . . . Kick 2 | . . . . . . . . . 1 . . . . . . . . . . . . . 1 . . Crush 9 | . . . . . . . 1 . . . . . . . . . . . . . 6 . . 2 . Escape Stasis 96 | . . . . . 35 . . . . . . 5 . 4 . 10 . 15 . 15 . 5 . 7 . Rewire 2 | . . . . . . . . 1 . . . . . . . . . . . . . . . 1 . Trap . | . . . . . . . . . . . . . . . . . . . . . . . . . . Miscellaneous . | . . . . . . . . . . . . . . . . . . . . . . . . . . Route ------- -11/Scrapyard -10/Materials (discovered 5 exits: *Mat x3 / *Min x2) -10/Mines (discovered 2 exits: *Mat x2) -9/Materials (discovered 5 exits: [*Mat] / *Min x2 / *Sto x2) -9/Storage -9/Garrison (discovered 3 exits: *Rec x3) -9/Recycling -7/Factory -7/Garrison -7/Factory (discovered 3 exits: *Fac / [*Low] / Gar) -7/Garrison -6/Factory (discovered 2 exits: *Fac / Gar) -6/Garrison (discovered 3 exits: *Fac x3) -6/Factory (discovered 2 exits: *Fac / Gar) -6/Garrison (discovered 2 exits: *Fac x2) -5/Factory -5/Garrison (discovered 3 exits: *Fac x3) -4/Factory (discovered 2 exits: *Res / Gar) -4/Garrison -3/Research -3/Garrison (discovered 3 exits: *Res x3) -2/Research -2/Garrison (discovered 3 exits: *Acc x3) -1/Access -1/Garrison (discovered 3 exits: [*Acc x3]) -1/Access To Epsilon Eridani History --------- Turn | Location | Event 1 | -11/Scrapyard | Discovered new exit (range 0) 1 | -11/Scrapyard | Entered Materials 291 | -10/Materials | Discovered new exit (range 11) 295 | -10/Materials | Identified exit to Mines 300 | -10/Materials | Build established: Mutant 397 | -10/Materials | Discovered new exit (range 9) 555 | -10/Materials | Discovered new exit (range 7) 819 | -10/Materials | Entered Mines 837 | -10/Mines | Discovered new exit (range 6) 865 | -10/Mines | Core integrity fell below 50% 955 | -10/Mines | YI-UF0 nonchalantly dropped a Grenade Launcher on the ground 1015 | -10/Mines | Discovered new exit (range 10) 1037 | -10/Mines | Met a Derelict who couldn't figure out how to use a Trap Extractor 1135 | -10/Mines | Learned Materials security intel 1208 | -10/Mines | Found a damaged Exp. Sensor Array with a note attached 1212 | -10/Mines | Found Prototype Device 1213 | -10/Mines | Identified Exp. Sensor Array 1280 | -10/Mines | Assisted by bots powering up and referring to "LRC-V3" 1544 | -10/Mines | Entered Materials 1544 | -9/Materials | Accompanied by 3 allies 1544 | -9/Materials | Evolved 2 slots: Propulsion x1, Weapon x1 1946 | -9/Materials | Discovered new exit (range 7) 1954 | -9/Materials | Discovered new exit (range 16) 2244 | -9/Materials | Discovered new exit (range 5) 2291 | -9/Materials | Build established: Scavenger-Tank 2326 | -9/Materials | Discovered new exit (range 5) 2384 | -9/Materials | Identified exit to Mines 2384 | -9/Materials | Identified exit to Storage 2409 | -9/Materials | Entered Storage 2417 | -9/Storage | Identified exit to Garrison 2527 | -9/Storage | Destroyed 8 combat bots 2618 | -9/Storage | Entered Garrison 2704 | -9/Garrison | Triggered checkpoint 2720 | -9/Garrison | Triggered checkpoint 2760 | -9/Garrison | Destroyed 8 combat bots 2883 | -9/Garrison | Triggered checkpoint 2896 | -9/Garrison | Garrison Relay disabled 2988 | -9/Garrison | Triggered checkpoint 3004 | -9/Garrison | Discovered new exit (range 10) 3140 | -9/Garrison | Build established: Tank 3164 | -9/Garrison | Discovered new exit (range 8) 3189 | -9/Garrison | Installed Relay Interface Framework 3242 | -9/Garrison | Triggered checkpoint 3304 | -9/Garrison | Garrison Relay disabled 3378 | -9/Garrison | Triggered checkpoint 3498 | -9/Garrison | Lost 4 parts (2n1u1w) 3504 | -9/Garrison | Triggered checkpoint 3535 | -9/Garrison | Garrison Relay disabled 3574 | -9/Garrison | Discovered new exit (range 13) 3692 | -9/Garrison | Triggered checkpoint 3710 | -9/Garrison | Core integrity fell below 50% 3783 | -9/Garrison | Garrison Relay disabled 3988 | -9/Garrison | Entered Recycling 3988 | -9/Recycling | Accompanied by 1 ally 3992 | -9/Recycling | Spotter reported a threat 4035 | -9/Recycling | Spotter reported a threat 4041 | -9/Recycling | Spotter reported a threat 4089 | -9/Recycling | Build established: Bothacker-Mutant 4101 | -9/Recycling | Spotter reported a threat 4119 | -9/Recycling | Spotter reported a threat 4122 | -9/Recycling | Spotter reported a threat 4122 | -9/Recycling | Spotter reported a threat 4132 | -9/Recycling | Spotter reported a threat 4145 | -9/Recycling | Spotter reported a threat 4185 | -9/Recycling | Spotter reported a threat 4205 | -9/Recycling | Spotter reported a threat 4206 | -9/Recycling | Spotter reported a threat 4207 | -9/Recycling | Spotter reported a threat 4257 | -9/Recycling | Spotter reported a threat 4271 | -9/Recycling | Spotter reported a threat 4308 | -9/Recycling | Spotter reported a threat 4319 | -9/Recycling | Spotter reported a threat 4324 | -9/Recycling | Spotter reported a threat 4342 | -9/Recycling | Spotter reported a threat 4342 | -9/Recycling | Spotter reported a threat 4393 | -9/Recycling | Spotter reported a threat 4394 | -9/Recycling | Spotter reported a threat 4403 | -9/Recycling | Spotter reported a threat 4445 | -9/Recycling | Spotter reported a threat 4458 | -9/Recycling | Spotter reported a threat 4463 | -9/Recycling | Spotter reported a threat 4472 | -9/Recycling | Spotter reported a threat 4480 | -9/Recycling | Discovered new exit (range 9) 4489 | -9/Recycling | Spotter reported a threat 4489 | -9/Recycling | Spotter reported a threat 4495 | -9/Recycling | Build established: Commander-Mutant 4516 | -9/Recycling | Spotter reported a threat 4553 | -9/Recycling | Spotter reported a threat 4553 | -9/Recycling | Spotter reported a threat 4554 | -9/Recycling | Spotter reported a threat 4606 | -9/Recycling | Spotter reported a threat 4607 | -9/Recycling | Spotter reported a threat 4608 | -9/Recycling | Spotter reported a threat 4619 | -9/Recycling | Spotter reported a threat 4657 | -9/Recycling | Spotter reported a threat 4657 | -9/Recycling | Spotter reported a threat 4658 | -9/Recycling | Spotter reported a threat 4709 | -9/Recycling | Spotter reported a threat 4748 | -9/Recycling | Spotter reported a threat 4748 | -9/Recycling | Spotter reported a threat 4749 | -9/Recycling | Spotter reported a threat 4749 | -9/Recycling | Spotter reported a threat 4786 | -9/Recycling | System corruption reached 10% 4794 | -9/Recycling | Entered Factory 4794 | -7/Factory | Accompanied by 12 allies 4794 | -7/Factory | Evolved 4 slots: Utility x3, Weapon x1 5194 | -7/Factory | First assault squad dispatched 5425 | -7/Factory | Build established: Bothacker-Mutant 6663 | -7/Factory | Identified exit to Garrison 6663 | -7/Factory | Entered Garrison 6754 | -7/Garrison | Triggered checkpoint 6760 | -7/Garrison | Garrison Relay disabled 6848 | -7/Garrison | Triggered checkpoint 6970 | -7/Garrison | Triggered checkpoint 7022 | -7/Garrison | Triggered checkpoint 7026 | -7/Garrison | System corruption reached 10% 7103 | -7/Garrison | Discovered new exit (range 3) 7115 | -7/Garrison | Entered Factory 7133 | -7/Factory | Discovered new exit (range 9) 7205 | -7/Factory | Discovered new exit (range 13) 7952 | -7/Factory | Identified exit to Garrison 7959 | -7/Factory | Entered Garrison 7986 | -7/Garrison | Triggered checkpoint 8013 | -7/Garrison | Garrison Relay disabled 8078 | -7/Garrison | Triggered checkpoint 8108 | -7/Garrison | Triggered checkpoint 8328 | -7/Garrison | Discovered new exit (range 11) 8348 | -7/Garrison | Expanded RIF knowledge: Coupler Efficiency 8378 | -7/Garrison | Triggered checkpoint 8398 | -7/Garrison | Garrison Relay disabled 8477 | -7/Garrison | Found Powered Armor 8538 | -7/Garrison | Entered Factory 8538 | -6/Factory | Accompanied by 3 allies 8538 | -6/Factory | Evolved 2 slots: Propulsion x1, Utility x1 8731 | -6/Factory | Discovered new exit (range 8) 8951 | -6/Factory | Fabricated B-48 Gladiator? 9018 | -6/Factory | Identified exit to Garrison 9018 | -6/Factory | Entered Garrison 9018 | -6/Garrison | Accompanied by 6 allies 9052 | -6/Garrison | Triggered checkpoint 9115 | -6/Garrison | Spotted B-75 Beast 9118 | -6/Garrison | Assimilated Beast 5a with formatsys_high 9122 | -6/Garrison | Triggered checkpoint 9136 | -6/Garrison | Triggered checkpoint 9249 | -6/Garrison | Triggered checkpoint 9300 | -6/Garrison | Discovered new exit (range 14) 9328 | -6/Garrison | Identified exit to Factory 9335 | -6/Garrison | Destroyed Beast 5a 9338 | -6/Garrison | Phase Generator disabled 9448 | -6/Garrison | Discovered exit to Factory (range 13) 9472 | -6/Garrison | Expanded RIF knowledge: Program Shield 9500 | -6/Garrison | Triggered checkpoint 9543 | -6/Garrison | Garrison Relay disabled 9622 | -6/Garrison | Triggered checkpoint 9710 | -6/Garrison | Discovered exit to Factory (range 11) 9776 | -6/Garrison | Triggered checkpoint 9796 | -6/Garrison | Garrison Relay disabled 9920 | -6/Garrison | Garrison Relay disabled 10102 | -6/Garrison | Entered Factory 10833 | -6/Factory | Discovered new exit (range 4) 10845 | -6/Factory | Identified exit to Factory 11230 | -6/Factory | Identified exit to Garrison 11261 | -6/Factory | Entered Garrison 11261 | -6/Garrison | Accompanied by 2 allies 11274 | -6/Garrison | Triggered checkpoint 11303 | -6/Garrison | Garrison Relay disabled 11403 | -6/Garrison | Triggered checkpoint 11512 | -6/Garrison | Found Active Sensor Suite 11559 | -6/Garrison | Discovered exit to Factory (range 14) 11630 | -6/Garrison | Triggered checkpoint 11716 | -6/Garrison | Discovered exit to Factory (range 13) 11735 | -6/Garrison | Expanded RIF knowledge: Signal Jamming 11771 | -6/Garrison | Triggered checkpoint 11815 | -6/Garrison | Garrison Relay disabled 11914 | -6/Garrison | Entered Factory 11914 | -5/Factory | Accompanied by 1 ally 11914 | -5/Factory | Evolved 2 slots: Utility x2 12240 | -5/Factory | Build established: Botlord-Assassin 12498 | -5/Factory | Identified exit to Garrison 12498 | -5/Factory | Entered Garrison 12589 | -5/Garrison | Garrison Relay disabled 14533 | -5/Garrison | Discovered new exit (range 10) 14544 | -5/Garrison | Identified exit to Factory 14551 | -5/Garrison | Expanded RIF knowledge: Autoassimilate 14585 | -5/Garrison | Garrison Relay disabled 14772 | -5/Garrison | Garrison Relay disabled 15009 | -5/Garrison | Discovered exit to Factory (range 14) 15274 | -5/Garrison | Garrison Relay disabled 15324 | -5/Garrison | Discovered exit to Factory (range 10) 15344 | -5/Garrison | Entered Factory 15344 | -4/Factory | Accompanied by 3 allies 15344 | -4/Factory | Evolved 2 slots: Utility x2 15376 | -4/Factory | Discovered new exit (range 9) 15630 | -4/Factory | Identified exit to Garrison 15630 | -4/Factory | Entered Garrison 15630 | -4/Garrison | Accompanied by 3 allies 15682 | -4/Garrison | Triggered checkpoint 15694 | -4/Garrison | Garrison Relay disabled 15916 | -4/Garrison | Triggered checkpoint 16085 | -4/Garrison | Garrison Relay disabled 16130 | -4/Garrison | Discovered new exit (range 10) 16157 | -4/Garrison | Expanded RIF knowledge: Command Fork 16164 | -4/Garrison | Entered Research 16164 | -3/Research | Evolved 2 slots: Propulsion x1, Utility x1 16317 | -3/Research | Build established: Botlord-Mutant 16522 | -3/Research | Garrison activated, responded to threat 16717 | -3/Research | Identified exit to Garrison 16717 | -3/Research | Entered Garrison 16717 | -3/Garrison | Accompanied by 2 allies 16727 | -3/Garrison | Expanded RIF knowledge: Alert ID Control 16792 | -3/Garrison | Triggered checkpoint 16834 | -3/Garrison | Garrison Relay disabled 16906 | -3/Garrison | Spotted B-86 Titan 16913 | -3/Garrison | Triggered checkpoint 16965 | -3/Garrison | Assimilated Titan 8a with formatsys_high 17002 | -3/Garrison | Triggered checkpoint 17002 | -3/Garrison | Triggered checkpoint 17194 | -3/Garrison | Found Hvy. Reflective Plating 17389 | -3/Garrison | Triggered checkpoint 17418 | -3/Garrison | Garrison Relay disabled 17526 | -3/Garrison | Discovered new exit (range 10) 17638 | -3/Garrison | Triggered checkpoint 17697 | -3/Garrison | Discovered new exit (range 7) 17742 | -3/Garrison | Triggered checkpoint 17790 | -3/Garrison | Garrison Relay disabled 17928 | -3/Garrison | Discovered new exit (range 10) 17960 | -3/Garrison | Triggered checkpoint 17982 | -3/Garrison | Garrison Relay disabled 18040 | -3/Garrison | Entered Research 18040 | -2/Research | Accompanied by 1 ally 18040 | -2/Research | Evolved 2 slots: Power x1, Propulsion x1 18240 | -2/Research | System corruption reached 10% 18306 | -2/Research | Lost 7 parts (1p3u3w) 18469 | -2/Research | Spotted B-90 Cyclops 18490 | -2/Research | Lost 4 parts (1n1u2w) 18543 | -2/Research | Assimilated Cyclops 9a with formatsys_high 18568 | -2/Research | Lost 4 parts (2n1u1w) 18811 | -2/Research | Identified exit to Garrison 18819 | -2/Research | Entered Garrison 18819 | -2/Garrison | Accompanied by 1 ally 18902 | -2/Garrison | Triggered checkpoint 18933 | -2/Garrison | Garrison Relay disabled 19033 | -2/Garrison | Triggered checkpoint 19040 | -2/Garrison | Spotted B-90 Cyclops 19058 | -2/Garrison | Triggered checkpoint 19214 | -2/Garrison | Triggered checkpoint 19231 | -2/Garrison | Garrison Relay disabled 19268 | -2/Garrison | Discovered new exit (range 14) 19374 | -2/Garrison | Triggered checkpoint 19396 | -2/Garrison | Discovered new exit (range 10) 19420 | -2/Garrison | Triggered checkpoint 19450 | -2/Garrison | Garrison Relay disabled 19618 | -2/Garrison | Triggered checkpoint 19631 | -2/Garrison | Discovered new exit (range 10) 19646 | -2/Garrison | Expanded RIF knowledge: Autooverride 19761 | -2/Garrison | Garrison Relay disabled 19818 | -2/Garrison | Entered Access 19818 | -1/Access | Accompanied by 3 allies 19818 | -1/Access | Evolved 2 slots: Utility x2 20622 | -1/Access | System corruption reached 10% 21030 | -1/Access | Found Unknown Launcher 21030 | -1/Access | Identified Gamma Bomb Array 21290 | -1/Access | Found Exp. System Shield 21292 | -1/Access | Identified exit to Garrison 21292 | -1/Access | Entered Garrison 21312 | -1/Garrison | Triggered checkpoint 21344 | -1/Garrison | Garrison Relay disabled 21537 | -1/Garrison | Spotted B-99 Colossus 21542 | -1/Garrison | Triggered checkpoint 21543 | -1/Garrison | Assimilated Colossus 10a with formatsys_high 21554 | -1/Garrison | Triggered checkpoint 21669 | -1/Garrison | Discovered new exit (range 8) 21690 | -1/Garrison | Triggered checkpoint 21711 | -1/Garrison | Garrison Relay disabled 21849 | -1/Garrison | Discovered new exit (range 8) 21863 | -1/Garrison | Expanded RIF knowledge: Watcher Feeds 21906 | -1/Garrison | Triggered checkpoint 21923 | -1/Garrison | Garrison Relay disabled 21984 | -1/Garrison | Triggered checkpoint 22006 | -1/Garrison | Triggered checkpoint 22094 | -1/Garrison | Discovered new exit (range 3) 22128 | -1/Garrison | Triggered checkpoint 22148 | -1/Garrison | Garrison Relay disabled 22273 | -1/Garrison | Entered Access 22273 | -1/Access | Accompanied by 7 allies 22585 | -1/Access | Garrison activated, responded to threat 22759 | -1/Access | Spotted B-99 Colossus 22779 | -1/Access | Assimilated Colossus 10b with formatsys_high 23569 | -1/Access | Discovered new exit (range 5) 23576 | -1/Access | Spotted B-99 Colossus 23576 | -1/Access | Spotted B-99 Colossus 23576 | *** | Escaped! Last Messages --------------- Erasing system data. Installing primary routines, ETC: 6. 23540_ U-05 Engineer builds a Wall. 23540_ Jacked A-15 Conveyor... >>drop_inventory Dumping inventory... 7x Adv. Field Recycling Unit 23541_ Warden 10f reactivates. 23548_ System corrupted: FCS attempts to trigger Gamma Rifle. 23548_ System corrupted: Gamma Rifle misfires. 23552_ K-01 Serf cleans the Terminal. 23554_ Overheating: Energy bleed (-78). 23557_ K-01 Serf cleans the Terminal. 23569_ The Access Shell folds into the floor. 23569_ EXIT=FOUND 23570_ K-01 Serf cleans the Terminal. Sealed Heavy Doors opened remotely. [Achievement: 30k Club] [Achievement: 40k Club] [Achievement: One Last FU] Map ----- +----------------------------------------------------+ | ########## # "????????# #????????????? | | # ? ??????###########????######### | | + ] ?????????????????????? | | ########## # ?????????????????????? [ | | ?????????## ## ! ?????????????????????? | | ??????????# ## ?????????????????????? | | ?????????## ## = ?????????????????????? | | ?? ## ########????????????????????? | | ?? ## # ?????????????????????? | | ?? ## # ?????????????????????? | | ?####+##### # "? ?????????????????????######### | | ?? # ""? ?????????????????????????????? | | ?? # "T ?????????????????????????????? | | ?###+###### # ""? ????????????????????????????? | | ?? #????# + "" ????????????????????????????? | | ?? #????# # ????????????????????????????? | | ?????#????# # ????????????????????????????? | | ??????????# #########???????????????????#???????? | | ??????????# #?????###???????????????????# ? | | ??????????# ####### ##################??# ? | | ??????????# """T""" ??#! ? | | ??????????# """ """ BB ?# ? | | ??????????# A BB ###+##### | | ??????????# | | ??????????# h "" | | ??????????# BB @" | | ??????????# BB | | ??????????# Y Y BB ###+##### | | ??????????# BB ?# # | | ??????????# h ?# # | | ??????????# ####### ##################??# # | | ??????????# #?????###???????????????????# # | | ??????????# #???????????????????????????#?? # | | ??????###?# #?????????????????????????????? # | | ####### ### #?????????????????????????????? # | | " ## #?????????????????????????????? # | | """" ## #?????????????????????????????? + | | """"" ##!!#?????????????????????????????? # | | """"" ""!!##????????????????????????????? # | | """" " !!!#????????????????????????????####### | | " / T" #??????????????????????????????????? | | # "" #??????????????????????????????????? | | # #??????????????????????????????????? | | ## ##??????????????????????????????????? | | !## #???????????????????????????????????? | | ## #???????????????????????????????????? | | ## #???????????????????????????????????? | | #"######### #???????????????????????????????????? | | #??????# #???????????????????????????????????? | | #??????# #???????????????????????????????????? | +----------------------------------------------------+ Best States ------------- Heat Dissipation 121 Energy Generation 45 Energy Capacity 870 Matter Stores 550 Matter Capacity 550 Sight Range 16 Robot Scan Range 20 Terrain Scan Density 10 ECM Strength 1 Heat Shielding 100 Armor Coverage 1000 Resistance: TH 25 Resistance: EM 15 Core Shielding 30 Propulsion Shielding 66 Point Defense Rating 160 Weapon Cycling 25 Phase Shifting 15 Evasion (%) 70 Targeting Accuracy 6 Target Analysis 8 Recoil Reduction 6 Particle Charging 15 Offensive Hacking 10 Defensive Hacking 16 Relay Coupler Types 9 Relay Coupler Value 283 Authchip Count 1 Item Schematics ----------------- None Robot Schematics ------------------ None Fabricated ------------ B-48 Gladiator | x3 | -6/Factory | Preloaded Alien Tech Used ----------------- None Achievements -------------- 30k Club 40k Club Assassin Beloved Collateral Damage Factory Defaults Generalissimo No Signal One Last FU Pwned Slippery One Tank Challenges ------------ None Game ------ Seed PhasingDeliveryBuckler Manual? 0 Play Time 07:23:47 Cumulative 168.9 hours Start 2022.01.08 @ 16:00:34 End 2022.01.12 @ 10:05:54 Sessions 13 Manual Loads 0 Difficulty Rogue Special Mode None Game No. 59 Rogue 59 Adventurer 0 Explorer 0 Win Type 0 Total 4 Types 4/0/0/0/0/0/0/0/0 Lore% 53 Gallery% 63 Achievement% 46 Wizard Run 0 Options --------- ASCII 0 Keyboard 1 Movement Vi Keybinds 0 Fullscreen 1 Font 18/SmallcapsGlow Map View 76x50 Tactical HUD 1 Map Filters NONE Filters NONE Steam 1 RUN: c2e1e487-a87f-4bf8-87cb-e8a387dab504